General information
			
			
        
        - name: BNet
 
        - type: Ladder team game (AT/RT)
 
        - host: Battle.net
 
        - saver: learnhuman
 
        
map: LostTemple 
        - players: 4
 
        - length: 07:07
 
        - speed: Fast
 - version: 1.22 W3XP
 - replay type:  Public
 
» download(36 KB)
Players
        team 1 (winner) 
              
              
e9-illusion (
green | 115 APM | 817 actions | 07:07)
              
 3 Blademaster 
 2 Wind Walk
 1 Critical Strike
 
                » actions 
                
                | Assign group hotkey | 12 |  | 
| Basic commands | 2 |  | 
| Build / train | 28 |  | 
| Enter build submenu | 9 |  | 
| Enter hero's abilities submenu | 3 |  | 
| Right click | 429 |  | 
| Select / deselect | 94 |  | 
| Select group hotkey | 218 |  | 
| Use ability | 22 |  | 
                817 total
 » units 
                » upgrades
                » buildings
                
                | Altar of Storms | 1 |  | 
| Orc Burrow | 4 |  | 
| Voodoo Lounge | 1 |  | 
| Barracks | 1 |  | 
| Stronghold | 1 |  | 
| Beastiary | 1 |  | 
| Spirit Lodge | 1 |  | 
                10 total
 » build order
                00:06 Altar of Storms
00:17 Orc Burrow
00:46 Voodoo Lounge
01:35 Barracks
01:55 Orc Burrow
03:09 Stronghold
04:43 Orc Burrow
05:40 Beastiary
05:42 Spirit Lodge
05:52 Orc Burrow
» items
                
                | Healing Salve | 1 |  | 
| Lesser Clarity Potion | 2 |  | 
| Scroll of Town Portal | 1 |  | 
                4 total
  
               
              
              
needmOrebeatZ (
pink | 73 APM | 520 actions | 07:07)
              
 3 Death Knight 
 2 Death Coil
 1 Unholy Aura
 
                » actions 
                
                | Basic commands | 3 |  | 
| Build / train | 20 |  | 
| Enter build submenu | 9 |  | 
| Enter hero's abilities submenu | 3 |  | 
| Right click | 360 |  | 
| Select / deselect | 104 |  | 
| Use ability | 21 |  | 
                520 total
 » units 
                
                | Acolyte | 2 |  | 
| Ghoul | 2 |  | 
| Crypt Fiend | 8 |  | 
                12 total
 » upgrades
                » buildings
                
                | Graveyard | 1 |  | 
| Crypt | 1 |  | 
| Altar of Darkness | 1 |  | 
| Ziggurat | 4 |  | 
| Tomb of Relics | 1 |  | 
| Halls of the Dead | 1 |  | 
                9 total
 » build order
                00:09 Graveyard
00:15 Crypt
00:31 Altar of Darkness
00:47 Ziggurat
01:17 Tomb of Relics
01:56 Ziggurat
03:36 Halls of the Dead
04:49 Ziggurat
06:05 Ziggurat
» items
                 
               team 2 (loser) 
              
              
ddr.masta (
red | 70 APM | 496 actions | 07:07)
              
 2 Demon Hunter 
 1 Mana Burn
 1 Evasion
 
                » actions 
                
                | Assign group hotkey | 8 |  | 
| Build / train | 21 |  | 
| Enter build submenu | 9 |  | 
| Enter hero's abilities submenu | 2 |  | 
| Right click | 185 |  | 
| Select / deselect | 158 |  | 
| Select group hotkey | 94 |  | 
| Use ability | 19 |  | 
                496 total
 » units 
                » buildings
                
                | Altar of Elders | 1 |  | 
| Moon Well | 4 |  | 
| Hunter's Hall | 1 |  | 
| Ancient of War | 2 |  | 
| Tree of Ages | 1 |  | 
| Ancient Protector | 1 |  | 
                10 total
 » build order
                00:06 Altar of Elders
00:12 Moon Well
01:23 Hunter's Hall
01:45 Ancient of War
02:07 Ancient of War
02:17 Moon Well
03:39 Moon Well
05:15 Tree of Ages
05:20 Ancient Protector
06:24 Moon Well
 
               
              
              
learnhuman (
orange | 62 APM | 439 actions | 07:07)
              
 2 Archmage 
 1 Summon Water Elemental
 1 Brilliance Aura
 
                » actions 
                
                | Assign group hotkey | 12 |  | 
| Basic commands | 7 |  | 
| Build / train | 27 |  | 
| Enter build submenu | 14 |  | 
| Enter hero's abilities submenu | 2 |  | 
| Remove unit from queue | 2 |  | 
| Right click | 181 |  | 
| Select / deselect | 114 |  | 
| Select group hotkey | 60 |  | 
| Use ability | 20 |  | 
                439 total
 » units 
                
                | Peasant | 10 |  | 
| Footman | 2 |  | 
| Rifleman | 3 |  | 
                15 total
 » upgrades
                » buildings
                
                | Altar of Kings | 1 |  | 
| Farm | 6 |  | 
| Barracks | 1 |  | 
| Lumber Mill | 1 |  | 
| Scout Tower | 2 |  | 
| Guard Tower | 1 |  | 
| Arcane Tower | 1 |  | 
| Blacksmith | 1 |  | 
| Keep | 1 |  | 
| Arcane Vault | 1 |  | 
                16 total
 » build order
                00:09 Altar of Kings
00:21 Farm
00:23 Farm
00:37 Barracks
00:51 Lumber Mill
01:02 Farm
01:35 Scout Tower
01:52 Scout Tower
02:08 Guard Tower
02:20 Arcane Tower
02:48 Blacksmith
02:58 Farm
03:34 Keep
04:45 Farm
05:02 Arcane Vault
05:14 Farm
» items
                 
                Chat log
          
(02:25 / All) ddr.masta: ncie try
(04:53 / All) e9-illusion: LOL
(06:34 / All) e9-illusion: lol
(06:35 / All) learnhuman: 1
(06:40 / All) e9-illusion: lagg ed up
(06:44 / All) learnhuman: you fucking maphacking piece of shit
(07:04 / All) learnhuman: gg replay saved, enjoy your ban fucktard